Map: [ESL] Alcyone

Players

Oriana - Winner!

  • Race: Terran Terran

XYXY (XY)

  • Race: Terran Terran

Event: ESL SC2 Masters 2023 Winter (Regional)

VOD

Have the link to the VOD?

Description

Time

  • Played on: Oct. 27, 2023, 7:40 a.m.
  • Length: 21:57

All games in this series

Show
View Real Time Build Order
Export as new Build Order

Oriana Terran - Winner!

Build Orders: Reaper Expand 

Get SALT Encoding   

  12  0:00  SCV  
  13  0:12  SCV  
  14  0:16  Supply Depot  
  14  0:24  SCV  
  15  0:38  SCV  
  15  0:40  Barracks  
  16  0:44  Refinery  
  16  0:50  SCV  
  17  1:02  SCV  
  18  1:14  SCV  
  19  1:27  Orbital Command  
  19  1:28  Reaper  
  20  1:38  Command Center  
  20  1:46  Supply Depot  
  20  1:53  SCV  
  21  2:00  Marine  
  22  2:05  SCV  
  23  2:09  Factory  
  23  2:17  SCV  
  23  2:21  Bunker, Marine  
  25  2:24  Refinery  
  25  2:29  SCV  
  26  2:39  Barracks Reactor  
  26  2:41  SCV  
  27  2:51  Orbital Command  
  27  2:53  SCV  
  27  2:57  Hellion  
  30  2:58  Starport  
  31  3:05  SCV  
  31  3:19  Marine x2, SCV x2  
  35  3:21  Cyclone  
  37  3:28  Supply Depot  
  37  3:31  SCV x2  
  39  3:34  Medivac  
  39  3:37  Refinery  
  39  3:38  Marine x2  
  43  3:43  SCV x2  
  45  3:51  Supply Depot  
  45  3:58  SCV x2  
  45  4:00  Marine  
  45  4:01  Marine  
  49  4:04  Factory Tech Lab  
  48  4:10  SCV x2  
  48  4:13  Starport Tech Lab  
  50  4:20  Supply Depot  
  50  4:22  SCV x2  
  50  4:23  Siege Tank, Command Center  
  55  4:29  Marine x2  
  57  4:38  SCV x2  
  57  4:45  Raven  
  59  4:48  Marine x2  
  59  4:51  SCV x2  
  63  4:54  Supply Depot  
  63  4:58  Siege Tank  
  66  5:03  SCV x2  
  68  5:15  SCV x2  
  68  5:16  Barracks  
  68  5:19  Barracks  
  68  5:20  Supply Depot  
  70  5:26  Engineering Bay x2  
  70  5:27  Starport Reactor, SCV x2  
  70  5:28  Stimpack, Marine  
  72  5:34  Siege Tank  
  76  5:37  Orbital Command  
  75  5:43  SCV x2  
  75  5:45  Barracks  
  75  5:47  Barracks  
  76  5:50  Marine  
  76  5:52  Supply Depot, Refinery  
  76  5:55  SCV x2  
  78  6:09  SCV x2  
  78  6:10  Orbital Command  
  72  6:13  Terran Infantry Weapons Level 1, Terran Infantry Armor Level 1  
  72  6:16  Marine x3  
  72  6:17  Siege Tank  
  78  6:21  SCV x2  
  78  6:23  Marine x2  
  78  6:24  Starport Reactor  
  82  6:25  Supply Depot  
  82  6:33  Supply Depot  
  82  6:35  Barracks Reactor  
  82  6:36  Barracks Reactor  
  82  6:37  Marine x3  
  82  6:38  SCV x3  
  88  6:42  Marine x2  
  90  6:49  Supply Depot  
  90  6:50  Siege Tank, SCV x3  
  96  6:56  Marine, Refinery  
  96  6:57  Supply Depot, Marine x2, Refinery  
  96  7:01  Marine x2  
  99  7:02  SCV x2, Medivac x2  
  99  7:03  SCV  
  99  7:05  Supply Depot  
  108  7:09  Combat Shield  
  108  7:13  Marine x2  
  108  7:14  Supply Depot, Marine x2  
  108  7:15  SCV x3  
  115  7:25  Siege Tank  
  115  7:29  Marine x4  
  122  7:32  SCV x2  
  122  7:33  Command Center  
  122  7:35  SCV  
  125  7:39  Supply Depot, Marine x4  
  129  7:48  Medivac x2  
  129  7:49  Marine x3  
  135  7:55  SCV x3  
  138  7:58  Supply Depot  
  138  8:03  Siege Tank  
  138  8:04  Sensor Tower  
  141  8:05  Armory  
  141  8:07  Marine x3  
  141  8:08  Marine x2  
  141  8:09  Marine x2  
  141  8:10  Marine  
  149  8:15  SCV x3  
  150  8:21  Marine  
  150  8:25  Marine  
  149  8:27  SCV  
  149  8:28  SCV x2  
  150  8:34  Marine x2  
  150  8:35  Marine x4  
  156  8:44  Marine  
  156  8:45  Siege Tank, Marine  
  156  8:48  SCV x3  
  151  8:52  Marine  
  151  8:54  Factory  
  145  9:00  Terran Infantry Weapons Level 2, Barracks Reactor, Terran Infantry Armor Level 2  
  145  9:01  Terran Vehicle Weapons Level 1  
  145  9:05  Marine, Supply Depot, SCV x3  
  145  9:06  Marine x6  
  155  9:13  Marine, Medivac x2  
  160  9:23  Marine x2  
  160  9:24  Marine  
  163  9:27  Siege Tank  
  164  9:37  Marine x3  
  160  9:38  Siege Tank  
  160  9:39  Marine x2  
  160  9:40  Marine x2  
  160  9:42  Planetary Fortress  
  160  9:43  SCV x3  
  168  9:47  Marine x3  
  168  9:52  Medivac x2  
  169  9:54  Marine x2  
  169  9:55  Refinery  
  169  9:56  Refinery  
  169  9:58  Marine  
  169  9:59  Siege Tank, Marine x3  
  172  10:07  Command Center  
  172  10:11  Command Center  
  172  10:12  Siege Tank  
  171  10:25  Supply Depot  
  171  10:27  Viking  
  171  10:28  Viking  
  172  10:29  Starport x2  
  169  10:38  Siege Tank  
  163  10:48  Siege Tank  
  166  10:58  Sensor Tower  
  166  11:01  Viking x2  
  170  11:07  Starport Tech Lab, Starport Reactor, Command Center  
  170  11:09  Terran Vehicle Weapons Level 2  
  170  11:14  Armory  
  170  11:18  Siege Tank  
  173  11:19  Terran Infantry Armor Level 3, Terran Infantry Weapons Level 3  
  173  11:22  Command Center  
  173  11:31  Siege Tank  
  174  11:33  Raven  
  174  11:34  Interference Matrix  
  174  11:37  Orbital Command  
  176  11:46  Viking  
  176  11:47  Viking x3  
  180  11:48  Unknown  
  184  12:03  Planetary Fortress  
  184  12:05  Terran Vehicle And Ship Armor Level 1  
  184  12:07  Siege Tank x2, Command Center  
  190  12:09  Raven  
  190  12:15  Missile Turret  
  188  12:23  Viking  
  188  12:24  Viking x3  
  196  12:31  Planetary Fortress, Refinery  
  196  12:32  Refinery  
  196  12:39  Starport  
  196  12:41  Starport  
  192  12:44  Siege Tank x2  
  192  12:50  Orbital Command  
  196  13:00  Command Center  
  198  13:08  Liberator  
  198  13:12  Fusion Core  
  199  13:20  Starport Reactor  
  199  13:21  Starport Reactor  
  199  13:25  Refinery  
  196  13:58  Viking  
  199  14:06  Terran Vehicle And Ship Armor Level 2  
  199  14:07  Terran Ship Weapons Level 1  
  199  14:11  Liberator  
  199  14:14  Orbital Command  
  200  14:18  Advanced Ballistics  
  200  14:22  Command Center  
  177  14:39  Viking x4, Siege Tank x2  
  172  14:46  Marine x10  
  172  14:48  Raven  
  172  14:50  Viking x2  
  182  14:54  Viking  
  184  15:04  Marine x2  
  186  15:07  Marine x5  
  186  15:08  Marine x2  
  186  15:13  Siege Tank x2  
  199  15:14  Marine  
  178  15:22  Liberator, Marine  
  178  15:23  Viking x2  
  178  15:24  Raven, Viking  
  178  15:25  Viking x3  
  193  15:37  Liberator  
  193  15:41  Neosteel Armor  
  193  15:42  Hi-Sec Auto Tracking  
  196  15:45  Command Center  
  196  15:47  Marine x3  
  196  15:49  Command Center  
  196  15:58  Planetary Fortress  
  196  16:00  Refinery  
  196  16:06  Siege Tank  
  196  16:09  Command Center  
  196  16:24  Siege Tank  
  197  16:26  Raven  
  198  16:52  Terran Ship Weapons Level 2  
  195  16:54  Terran Vehicle And Ship Armor Level 3  
  195  16:58  Siege Tank x2  
  192  17:03  Viking x3  
  198  17:12  Viking x2  
  200  17:27  Viking  
  199  17:32  Orbital Command  
  199  17:35  Command Center x2  
  199  17:36  Planetary Fortress  
  199  17:42  Siege Tank x2  
  189  17:46  Viking x6  
  189  17:47  Raven  
  189  17:48  Command Center  
  186  17:52  Marine x3  
  186  17:53  Viking  
  186  17:57  Planetary Fortress  
  177  18:00  Marine x3  
  177  18:03  Marine x4  
  184  18:10  Marine  
  185  18:16  Refinery  
  185  18:17  Refinery  
  185  18:26  Raven, Siege Tank x2, Viking x4  
  185  18:27  Viking  
  200  18:52  Viking x2  
  182  19:10  Viking x3  
  182  19:11  Viking  
  182  19:12  Viking x2  
  182  19:13  Raven  
  182  19:16  Orbital Command x2  
  190  19:19  Siege Tank  
  190  19:20  Siege Tank  
  196  19:27  Unknown  
  195  19:31  Planetary Fortress  
  195  19:36  Viking  
  199  19:48  Liberator  
  200  19:54  Raven  
  193  20:03  Viking x2, Liberator  
  193  20:05  Viking  
  197  20:15  Viking, Command Center  
  187  20:30  Viking x2  
  187  20:32  Raven, Siege Tank  
  187  20:33  Siege Tank  
  189  20:43  Viking x3  
  195  20:56  Liberator  
Show
View Real Time Build Order
Export as new Build Order

XYXY Terran 

Build Orders: Cyclone Opening 

Get SALT Encoding   

  12  0:00  SCV  
  13  0:12  SCV  
  14  0:16  Supply Depot  
  14  0:24  SCV  
  15  0:38  SCV  
  15  0:39  Barracks  
  16  0:42  Refinery  
  16  0:50  SCV  
  16  0:52  Refinery  
  17  1:02  SCV  
  18  1:14  SCV  
  19  1:26  Orbital Command, Reaper  
  19  1:28  Supply Depot  
  20  1:39  Factory  
  20  1:52  SCV  
  21  1:58  Reaper  
  22  2:04  SCV  
  23  2:16  SCV  
  23  2:18  Command Center  
  24  2:24  Cyclone  
  24  2:28  SCV  
  27  2:33  Supply Depot  
  27  2:34  Barracks Reactor  
  27  2:40  SCV  
  28  2:46  Starport  
  28  2:53  SCV  
  28  2:57  Cyclone  
  31  3:05  SCV  
  32  3:06  Refinery  
  32  3:17  SCV  
  33  3:23  Medivac  
  35  3:29  Factory Tech Lab, SCV  
  35  3:31  Orbital Command  
  37  3:41  SCV  
  37  3:48  Cyclone  
  41  3:53  Starport Tech Lab, SCV  
  40  3:59  Command Center  
  39  4:13  Marine x2  
  39  4:14  Raven, Interference Matrix  
  39  4:15  SCV  
  39  4:16  SCV  
  45  4:27  SCV  
  45  4:30  Marine, Supply Depot  
  45  4:31  Marine  
  48  4:35  SCV  
  49  4:39  Siege Tank  
  49  4:42  SCV  
  53  4:48  SCV  
  53  4:51  Marine x2  
  53  4:52  Raven  
  58  4:53  Supply Depot  
  58  4:54  SCV  
  58  4:55  Supply Depot  
  58  5:00  SCV  
  58  5:06  SCV  
  60  5:09  Marine x2  
  60  5:12  SCV  
  63  5:16  Supply Depot  
  63  5:18  SCV  
  63  5:19  Siege Tank  
  68  5:22  Orbital Command  
  68  5:24  SCV  
  68  5:26  Raven  
  68  5:27  Marine x2  
  72  5:30  SCV  
  73  5:36  Barracks, SCV  
  73  5:42  Barracks, SCV  
  75  5:48  SCV  
  70  5:51  Siege Tank, SCV  
  70  5:54  SCV  
  73  5:57  Marine  
  73  6:00  SCV  
  73  6:03  SCV  
  76  6:09  SCV  
  74  6:12  SCV  
  74  6:15  SCV  
  75  6:22  SCV, Engineering Bay  
  75  6:23  Refinery  
  75  6:24  Siege Tank, SCV, Engineering Bay  
  80  6:27  SCV  
  80  6:29  Barracks Reactor  
  80  6:30  Barracks Reactor  
  80  6:31  Stimpack  
  81  6:34  SCV  
  81  6:36  SCV  
  81  6:38  Viking x2  
  81  6:39  SCV  
  88  6:40  Marine  
  88  6:46  SCV  
  90  6:49  SCV  
  90  6:51  Terran Infantry Weapons Level 1, SCV  
  92  6:56  Terran Infantry Armor Level 1  
  92  6:58  SCV  
  92  6:59  Refinery x2  
  92  7:00  Supply Depot  
  92  7:01  SCV, Supply Depot x2  
  93  7:03  SCV, Marine  
  96  7:10  SCV  
  96  7:12  Supply Depot  
  96  7:13  SCV  
  98  7:15  Viking  
  98  7:16  SCV  
  98  7:22  Viking, Siege Tank, SCV, Marine  
  108  7:24  Supply Depot  
  108  7:25  Marine x2  
  108  7:26  Marine x2, SCV  
  108  7:29  SCV  
  114  7:34  SCV  
  115  7:37  Supply Depot x2  
  115  7:38  Supply Depot, SCV  
  115  7:40  Marine  
  115  7:41  SCV  
  115  7:43  Marine  
  118  7:45  Viking  
  118  7:46  Supply Depot  
  118  7:47  SCV  
  118  7:50  SCV  
  122  7:52  Viking  
  122  7:53  SCV  
  122  7:54  Siege Tank, Marine x2  
  127  7:58  Marine x2  
  127  8:00  SCV  
  127  8:01  Marine  
  127  8:05  Supply Depot  
  131  8:11  Combat Shield  
  131  8:14  SCV x2  
  131  8:15  Marine, Medivac  
  131  8:16  Barracks x2  
  136  8:22  Medivac  
  136  8:23  Sensor Tower  
  136  8:26  Siege Tank  
  141  8:30  Marine x3  
  141  8:31  SCV  
  143  8:40  Marine  
  142  8:48  Marine  
  142  8:49  Marine x3  
  142  8:53  Command Center  
  146  8:57  Armory, Marine  
  146  8:58  Siege Tank, SCV x3  
  153  9:03  Viking x2  
  153  9:06  Sensor Tower  
  156  9:10  SCV  
  156  9:13  SCV x2  
  156  9:14  Sensor Tower  
  156  9:15  Marine x3  
  156  9:16  Marine  
  163  9:22  SCV  
  162  9:25  SCV  
  162  9:27  Marine  
  162  9:30  Siege Tank  
  146  9:32  SCV  
  146  9:33  Marine  
  146  9:34  SCV  
  146  9:35  Marine x2  
  149  9:46  Orbital Command  
  145  10:01  Terran Infantry Weapons Level 2, Terran Vehicle Weapons Level 1, Terran Infantry Armor Level 2  
  145  10:03  Marine  
  145  10:04  Marine, Supply Depot  
  145  10:05  Viking, SCV, Marine x3  
  145  10:06  Orbital Command  
  147  10:11  Supply Depot  
  144  10:21  Marine  
  143  10:22  Marine  
  143  10:23  Marine x3  
  143  10:26  Planetary Fortress  
  146  10:40  Marine x2, SCV x2  
  146  10:41  Sensor Tower, Refinery  
  146  10:42  Siege Tank  
  154  10:45  Barracks Reactor x2, Missile Turret  
  154  10:47  SCV  
  154  10:49  Barracks Reactor  
  156  10:50  Factory, Refinery  
  156  10:51  Refinery  
  156  10:56  SCV  
  156  10:57  Missile Turret, SCV  
  158  10:58  Missile Turret  
  156  11:05  Supply Depot, Starport  
  156  11:16  Command Center  
  156  11:20  Supply Depot x2  
  156  11:21  Supply Depot  
  156  11:26  Viking x2, SCV x2  
  162  11:36  Missile Turret  
  162  11:38  Missile Turret  
  162  11:43  Supply Depot  
  162  11:44  Supply Depot  
  162  11:48  Starport Tech Lab  
  162  11:49  Starport  
  162  11:50  SCV x3  
  165  11:54  Missile Turret  
  165  11:58  Siege Tank  
  167  12:01  Marine x3  
  167  12:02  SCV  
  167  12:05  Siege Tank  
  174  12:21  Raven, Viking x2  
  180  12:28  Marine x2  
  180  12:29  Marine  
  183  12:31  Siege Tank, Marine x2  
  183  12:32  Missile Turret  
  183  12:33  Sensor Tower  
  183  12:35  Marine  
  189  12:37  Siege Tank, Terran Infantry Weapons Level 3  
  189  12:38  Terran Infantry Armor Level 3  
  185  12:45  Starport Tech Lab  
  189  12:51  SCV x3  
  189  12:56  Refinery  
  188  12:58  Planetary Fortress  
  188  13:03  Siege Tank  
  188  13:04  Refinery  
  191  13:07  Terran Vehicle Weapons Level 2  
  191  13:09  Siege Tank  
  194  13:15  Command Center  
  194  13:18  Armory  
  194  13:32  Command Center  
  194  13:38  Siege Tank  
  194  13:40  Raven  
  199  13:47  Raven  
  199  13:48  Viking x2  
  194  13:50  Starport  
  194  13:51  Starport  
  173  14:04  Siege Tank  
  174  14:13  Missile Turret x2  
  174  14:14  Missile Turret  
  174  14:16  Raven  
  176  14:18  Viking x2, Terran Vehicle And Ship Armor Level 1  
  180  14:28  Viking x3  
  186  14:37  Siege Tank  
  170  14:48  Viking x2  
  170  14:50  Viking  
  176  14:53  Orbital Command  
  176  14:58  Viking x3  
  179  15:05  Command Center  
  176  15:18  Viking x2  
  176  15:20  Raven  
  174  15:23  Terran Ship Weapons Level 1  
  174  15:26  Siege Tank  
  174  15:28  Viking x2  
  177  15:29  Raven  
  183  15:37  Siege Tank, Marine x2  
  183  15:40  Orbital Command  
  185  15:48  Viking x2  
  185  15:49  Unknown  
  189  15:54  Viking  
  191  15:58  Viking x2  
  191  16:03  Raven  
  197  16:18  Viking, Planetary Fortress  
  199  16:20  Terran Vehicle And Ship Armor Level 2  
  199  16:24  Viking  
  198  16:28  Viking  
  199  16:37  Hi-Sec Auto Tracking, Neosteel Armor  
  199  16:38  Starport Reactor  
  199  16:40  Missile Turret  
  199  16:41  Missile Turret x2  
  191  16:57  Siege Tank  
  191  16:58  Siege Tank  
  191  16:59  Viking x2  
  200  17:02  Smart Servos  
  200  17:03  Missile Turret x2  
  200  17:04  Starport Reactor  
  200  17:05  Missile Turret  
  200  17:12  Missile Turret  
  200  17:13  Missile Turret  
  195  17:19  Raven x2, Viking x2  
  197  17:29  Terran Ship Weapons Level 2, Siege Tank  
  191  17:48  Siege Tank, Marine x5  
  191  17:49  Viking  
  191  17:50  Viking x3  
  181  17:51  Viking  
  181  17:53  Raven  
  173  18:01  Siege Tank  
  173  18:03  Marine  
  173  18:04  Marine  
  178  18:10  Raven  
  178  18:12  Orbital Command, Fusion Core  
  177  18:20  Siege Tank, Missile Turret  
  171  18:27  Viking, Raven  
  171  18:33  Siege Tank  
  175  18:35  SCV x3  
  175  18:41  SCV  
  179  18:44  Raven  
  179  18:47  SCV x2  
  183  18:48  Viking  
  183  18:49  Viking  
  187  18:57  SCV x2  
  187  18:59  Marine  
  187  19:02  Raven  
  192  19:06  Siege Tank, Marine  
  185  19:15  Viking  
  187  19:18  Raven  
  187  19:22  SCV  
  187  19:23  SCV  
  188  19:26  Refinery  
  188  19:31  Siege Tank  
  191  19:35  SCV  
  192  19:49  Orbital Command  
  192  19:50  SCV  
  190  20:01  SCV  
  189  20:17  SCV  
  189  20:20  Refinery  
  189  20:21  Sensor Tower  
  189  20:22  Siege Tank  
  189  20:23  Missile Turret  
  168  20:29  Raven x2, Viking x2  
  168  20:31  SCV x2  
  168  20:32  SCV x2  
  169  20:36  Viking x2  
  161  20:43  SCV  
  161  20:44  SCV  
  161  20:49  Viking  
  165  20:52  Viking  
  167  20:59  Viking  
  168  21:06  Viking  
  168  21:07  Viking  
  166  21:18  Viking  
  166  21:21  Viking  
  166  21:22  Marine  
  174  21:33  Marine x3  
Tags
 
Add a new tag
Caveats
  • Supply blocks, unpowered buildings, or Contaminate may cause inaccurate times.
  • Supply counts are checked every 10 seconds.